 Dungeon Crawl Stone Soup version 0.29-a0-902-g0f71de6fce (webtiles) character file.

Game seed: 18248397080675603321

421 enile the Shooter (level 6, -2/51 HPs)
             Began as a Barachi Hunter on July 25, 2022.
             Slain by an orc wizard
             ... wielding a +0 dagger
              (3 damage)
             ... on level 4 of the Dungeon.
             The game lasted 00:03:34 (3564 turns).

enile the Shooter (Barachi Hunter)                  Turns: 3564, Time: 00:03:34

Health: -2/51      AC:  3    Str: 12    XL:     6   Next: 94%
Magic:  6/6        EV: 12    Int: 10    God:
Gold:   158        SH:  0    Dex: 17    Spells: 5/5 levels left

rFire   . . .      SeeInvis .   a - +0 shortbow
rCold   . . .      Faith    .   (shield currently unavailable)
rNeg    + . .      Spirit   .   c - +0 leather armour
rPois   .          Reflect  .   (no helmet)
rElec   .          Harm     .   (no cloak)
rCorr   .          Rampage  .   (no gloves)
Will    .....                   (no boots)
Stlth   ++........              f - amulet of the acrobat
HPRegen 0.17/turn               d - ring of positive energy
MPRegen 0.10/turn               (no ring)

@: slow
A: amphibious, slowness 1, strong legs 1, +LOS
a: Hop


You were on level 4 of the Dungeon.
You visited 1 branch of the dungeon, and saw 4 of its levels.

You collected 158 gold pieces.

Inventory:

Hand Weapons
 a - a +0 shortbow (weapon)
 l - a +0 vampiric dagger
Missiles
 u - 2 javelins
Armour
 c - a +0 leather armour (worn)
Jewellery
 d - a ring of positive energy (left hand)
 f - an amulet of the acrobat (around neck)
 p - an amulet of magic regeneration
 w - a +6 ring of strength
Scrolls
 b - 2 scrolls of immolation
 e - 2 scrolls of enchant armour
 k - a scroll of enchant weapon
 o - a scroll of amnesia
 s - 2 scrolls of acquirement {unknown}
 v - a scroll of torment {unknown}
 x - a scroll of magic mapping {unknown}
 y - a scroll of teleportation {unknown}
 z - a scroll of blinking {unknown}
Potions
 g - a potion of brilliance {unknown}
 h - a potion of berserk rage {unknown}
 i - a potion of mutation {unknown}
 m - a potion of curing {unknown}
 q - a potion of magic {unknown}
 r - a potion of lignification {unknown}
 t - 2 potions of haste {unknown}


   Skills:
 - Level 5.0 Fighting
 - Level 6.0 Ranged Weapons
 - Level 3.0 Armour
 + Level 2.9 Dodging
 - Level 2.0 Stealth


You had 5 spell levels left.
You didn't know any spells.
Your spell library was empty.

Dungeon Overview and Level Annotations

Branches:
Dungeon (4/15)
 Temple: D:4-7

Altars:


Innate Abilities, Weirdness & Mutations

You are amphibious.
You cover ground slowly.
You can hop short distances.
You have an extended range of vision and can be seen from far away.


Message History

You shoot an arrow. Something hits you but does no damage. Something hits you.
You barely miss something. Something hits you but does no damage.
Unknown command.
You shoot an arrow. Something hits you.
You're too confused to move!
You feel less confused. Something hits you.
Unknown command.
Fire: a) +0 shortbow
Press: ? - help, Shift-Dir - straight line You shoot an arrow.
Something hits you. x2
* * * LOW HITPOINT WARNING * * *
Fire: a) +0 shortbow
Press: ? - help, Shift-Dir - straight line You shoot an arrow.
Something hits you but does no damage.
Fire: a) +0 shortbow
Press: ? - help, Shift-Dir - straight line You shoot an arrow.
Something barely misses you.
Fire: a) +0 shortbow
Press: ? - help, Shift-Dir - straight line You shoot an arrow.
You hear some strange, mumbled words.
A magic dart appears from out of thin air!
The magic dart hits you!
* * * LOW HITPOINT WARNING * * *
Fire: a) +0 shortbow
Press: ? - help, Shift-Dir - straight line You shoot an arrow.
An orc wizard appears from thin air!
Reactivating autopickup.
The orc wizard hits you with a +0 dagger.
* * * LOW HITPOINT WARNING * * *
The orc wizard hits you with a +0 dagger.
* * * LOW HITPOINT WARNING * * *
Fire: a) +0 shortbow
Press: ? - help, Shift-Dir - straight line You shoot an arrow.
The arrow hits the orc wizard but does no damage.
The orc wizard is almost dead.
The orc wizard hits you with a +0 dagger.
You die...

#.............#.#############.##
#.###...........# #.#
....#.########..# #†#
#.#.#....<####..# #.#
#.#............># #.#
#.#..################ #.#
#.#........#......... #.#
#.##.#####.#.##########.# #.#
..##.# #.....).@o...)..# #.#
...#.####..##.###############.#
...........#..................#
...#.###...#..###############.#
...#..##...#..# ###
...##.##...#..# ...##.##>..#..#
...##.##...#..# ...........#..#


You could see an orc wizard.

Vanquished Creatures
  Menkaure (D:4)
  6 adders
  2 worms (D:3)
  2 dart slugs
  5 orcs
  10 ball pythons
  4 bats
  8 endoplasms
  2 giant cockroaches
  8 hobgoblins
  3 jackals (D:4)
  12 kobolds
  6 quokkas
  A frilled lizard (D:3)
  4 goblins
  A rat (D:3)
75 creatures vanquished.

Vanquished Creatures (collateral kills)
  A black bear (D:4)
  An orc priest (D:4)
  An orc wizard (D:4)
  3 orcs (D:4)
6 creatures vanquished.

Grand Total: 81 creatures vanquished

Notes
Turn   | Place    | Note
-------+----------+-------------------------------------------
     0 | D:1      | enile the Barachi Hunter began the quest for the Orb.
     0 | D:1      | Reached XP level 1. HP: 17/17 MP: 1/1
   108 | D:1      | Reached skill level 1 in Stealth
   120 | D:1      | Reached XP level 2. HP: 24/24 MP: 2/2
   620 | D:1      | Reached XP level 3. HP: 29/29 MP: 3/3
  1253 | D:2      | Reached skill level 5 in Ranged Weapons
  1253 | D:2      | Reached XP level 4. HP: 30/35 MP: 4/4
  2361 | D:3      | Reached XP level 5. HP: 22/41 MP: 5/5
  2890 | D:4      | Noticed a black bear
  2904 | D:4      | Killed a black bear
  2905 | D:4      | Reached skill level 6 in Ranged Weapons
  2905 | D:4      | Reached XP level 6. HP: 22/49 MP: 6/6
  2920 | D:4      | Reached skill level 5 in Fighting
  3097 | D:4      | Reached skill level 1 in Armour
  3169 | D:4      | Noticed Menkaure
  3178 | D:4      | Killed Menkaure
  3563 | D:4      | HP: 1/51 [orc wizard/+0 dagger (4)]
  3564 | D:4      | Slain by an orc wizard

Illustrated notes

Levels and vault maps discovered:
D:1:      nagdon_arrival_zigzag_paths, layout_loops_corners, serial_glass,
          glass_columns_b, glass_columns_a, eino_curves_03
D:2:      layout_loops_ring, grunt_ministairs_10
D:3:      minmay_evil_eye, layout_basic
D:4:      layout_basic, minmay_temple_entry_junction_2,
          hangedman_decor_slide_cut, uniq_menkaure, uniq_ijyb

Skill      XL: |  1  2  3  4  5  6 |
---------------+-------------------+-----
Fighting       | 3 4 5 |  5.0
Stealth        | 1 2 |  2.0
Ranged Weapons | 5 6 |  6.0
Armour         | 3 |  3.0
Dodging        | |  2.9

Action                   |  1- 3 |  4- 6 || total
-------------------------+-------+-------++-------
Melee: Shortbow          |       |     5 ||     5
 Fire: Shortbow          |    86 |   154 ||   240
 Abil: Hop               |       |     2 ||     2
  Use: Scroll            |     2 |     4 ||     6
Armor: Leather armour    |     6 |    26 ||    32
Dodge: Dodged            |    15 |    43 ||    58

Table legend: (Time is in decaauts)
 A = Elapsed time spent in this place.
 B = Non-inter-level travel time spent in this place.
 C = Inter-level travel time spent in this place.
 D = Time resting spent in this place.
 E = Time spent auto-exploring this place.
 F = Levels seen in this place.
 G = Mean time per level.
                   A        B        C        D        E       F      G
               +--------+--------+--------+--------+--------+-----+--------+
         Total |   4085 |   3948 |    137 |      0 |   3452 |   4 | 1021.2 |
       Dungeon |   4085 |   3948 |    137 |      0 |   3452 |   4 | 1021.2 |
               +--------+--------+--------+--------+--------+-----+--------+

Top non-repeatable levels by time:
     D:1: 1177 daAuts
     D:2: 1055 daAuts
     D:3: 951 daAuts
     D:4: 899 daAuts
